 Dungeon Crawl Stone Soup version 0.18.1-48-g4cf74bf (webtiles) character file.

480 PossumBlood the Sneak (level 6, 0/49 HPs)
             Began as a Vampire Assassin on Aug 25, 2016.
             Was a Follower of Dithmenos.
             Killed from afar by an orc wizard (5 damage)
             ... with a magic dart
             ... on level 4 of the Dungeon.
             The game lasted 00:12:29 (7262 turns).

PossumBlood the Sneak (Vampire Assassin)            Turns: 7262, Time: 00:12:29

Health: 0/49       AC:  5    Str: 10    XL:     6   Next: 86%
Magic:  15/15      EV: 14    Int: 13    God:    Dithmenos [*.....]
Gold:   202        SH:  0    Dex: 18    Spells: 0 memorised, 5 levels left

rFire  . . .     SeeInvis +     a - +2 dagger
rCold  + + .     Gourm    .     p - +2 robe {rC+}
rNeg   + + .     Faith    .     (no shield)
rPois  +         Spirit   .     (no helmet)
rElec  .         Dismiss  .     d - +0 cloak
rCorr  .         Reflect  .     (no gloves)
SustAt .         Harm     .     (no boots)
MR     .....                    (no amulet)
Stlth  +++++.....               l - ring of see invisible
                                k - ring of magical power

@: regenerating slowly, wreathed by umbra, not resistant to hostile
enchantments, quite stealthy
A: fangs 3, see invisible, unbreathing
a: Bat Form, Renounce Religion


You were on level 4 of the Dungeon.
You worshipped Dithmenos.
Dithmenos was aware of your devotion.
You were very thirsty.

You visited 1 branch of the dungeon, and saw 4 of its levels.

You collected 202 gold pieces.

Inventory:

Hand Weapons
 a - a +2 dagger (weapon)
 b - a +0 blowgun
Missiles
 e - 21 poisoned needles
 f - 2 curare-tipped needles
Armour
 d - a +0 cloak (worn)
 p - a +2 robe of cold resistance (worn)
Jewellery
 k - a ring of magical power (left hand)
 l - a ring of see invisible (right hand)
Scrolls
 h - 7 scrolls of identify
 i - a scroll of teleportation
Potions
 c - a potion of curing {unknown}
 g - 13 potions of blood
 j - a potion of agility
 m - a potion of might
 n - a potion of ambrosia {unknown}
Books
 o - a book of the Warp

   Spells                             Type                      Level
   a - Recall                         Summoning/Translocation      3
   b - Gell's Gravitas                Hexes/Translocation          3
   c - Force Lance                    Conjuration/Translocation    4
   d - Warp Weapon                    Charms/Translocation         5
   e - Summon Forest                  Summoning/Translocation      5


   Skills:
 * Level 4.3 Fighting
 + Level 4.1 Short Blades
 - Level 1.5 Throwing
 + Level 3.5 Dodging
 + Level 7.9 Stealth


You had 5 spell levels left.
You didn't know any spells.

Dungeon Overview and Level Annotations

Branches:
Dungeon (4/15)             Temple (0/1) D:4

Altars:
Dithmenos


Innate Abilities, Weirdness & Mutations

You heal slowly.
You have razor-sharp teeth.
You have supernaturally acute eyesight.
You can survive without breathing.


Message History

The orc wizard hits you with an enchanted dagger.
The orc barely misses you. The orc completely misses you.
You hit the orc wizard.
The orc wizard is moderately wounded.
The orc wizard hits you but does no damage.
The orc completely misses you.
You closely miss the orc wizard.
The orc wizard is moderately wounded.
The orc wizard hits you but does no damage.
The orc hits you but does no damage.
You hit the orc wizard.
The orc wizard is severely wounded.
The orc wizard hits you with an enchanted dagger.
* * * LOW HITPOINT WARNING * * *
The orc hits you with an enchanted flail!
* * * LOW HITPOINT WARNING * * *
The orc hits you but does no damage.
The orc wizard gestures at you while chanting.
The magic dart hits you!
You die...

##########......#
#........+......#
#........#......#
#########'#......#
#....<...........# .
#................#
...####..........#######
.......o.........#....#
#...o@.....#####....#
..'...o###'###...#....#
..#....#.....'...'....#
#....#.....#...#....#
#....#.†.###.###....#
#....#...###'###....#
#....#..............#
#....#..............#
#....#..............#


You could see an orc wizard and 2 orcs.

Vanquished Creatures
  Purgy (D:4)
  Blork the orc (D:4)
  2 orc wizards
  2 worker ants (D:4)
  4 gnolls (D:2)
  4 adders
  4 oozes
  5 worms
  6 dart slugs
  2 giant geckos (D:3)
  9 orcs (D:3)
  4 giant cockroaches
  6 goblins
  8 hobgoblins
  11 jackals
  A quokka (D:2)
  10 bats
  A giant gecko skeleton (D:4)
  4 giant newts
  6 kobolds
  7 rats
98 creatures vanquished.

Notes
Turn   | Place    | Note
--------------------------------------------------------------
     0 | D:1      | PossumBlood the Vampire Assassin began the quest for the Orb.
     0 | D:1      | Reached XP level 1. HP: 16/16 MP: 1/1
   105 | D:1      | Reached skill level 6 in Stealth
   128 | D:1      | Reached XP level 2. HP: 15/22 MP: 2/2
   572 | D:1      | Reached XP level 3. HP: 28/28 MP: 3/3
  1336 | D:2      | Reached XP level 4. HP: 34/34 MP: 4/4
  3616 | D:2      | Reached skill level 7 in Stealth
  3616 | D:2      | Reached XP level 5. HP: 28/41 MP: 5/5
  5722 | D:3      | Found a shadowy altar of Dithmenos.
  5730 | D:3      | Became a worshipper of Dithmenos the Shadowed
  6670 | D:4      | Found a staircase to the Ecumenical Temple.
  6717 | D:4      | Reached XP level 6. HP: 47/47 MP: 6/6
  6780 | D:4      | Noticed Blork the orc
  6799 | D:4      | Killed Blork the orc
  7179 | D:4      | Reached * piety under Dithmenos
  7219 | D:4      | Noticed Purgy
  7221 | D:4      | Killed Purgy
  7262 | D:4      | Killed from afar by an orc wizard

Skill      XL: |  1  2  3  4  5  6 |
---------------+-------------------+-----
Fighting       | 2 3 4 |  4.3
Stealth        | 6 7 |  7.9
Dodging        | 2 3 |  3.5
Short Blades   | 3 4 |  4.1
Throwing       | |  1.5

Action                   |  1- 3 |  4- 6 || total
-------------------------+-------+-------++-------
Melee: Dagger            |    97 |   282 ||   379
       Bite              |     6 |    34 ||    40
 Abil: End Transformatio |       |     2 ||     2
       Bat Form          |       |     2 ||     2
  Use: Scroll            |     3 |       ||     3
       Potion            |       |     7 ||     7
 Stab: Sleeping          |    18 |    12 ||    30
       Distracted        |       |     1 ||     1
Armor: Robe              |    21 |    57 ||    78
Dodge: Dodged            |    51 |   178 ||   229
